| TOP OF THE 1ST |
|
Pensacola Blue Wahoos batting - Pitching for San Jose Giants : LHP Drew Roemer
|
|
Pitching: LHP Drew Roemer
|
|
|
Batting: RHB Solange Le Coq
|
0-0: Ball 1-0: Ball 2-0: Ball 3-0: Base on Balls
|
|
Batting: RHB Jose Nunez
|
0-0: Called Strike 0-1: Ball Solange Le Coq steals 2nd base (no throw) 1-1: Ball 2-1: Foul Ball, location: 2F 2-2: Ball 3-2: Strikes out swinging
|
|
Batting: LHB Jamie Spangenberg
|
0-0: Ball Solange Le Coq steals 3rd base 1-0: Called Strike 1-1: Ball 2-1: SINGLE (Groundball, 4MD, EV 110.6 MPH) (infield hit) Solange Le Coq scores
|
|
Batting: RHB Randy Grewe
|
0-0: Fly out, F8 (Flyball, 8LD, EV 90.6 MPH)
|
|
Batting: RHB Dinand Brouwer
|
0-0: Ball 1-0: Swinging Strike 1-1: Swinging Strike 1-2: Hit by Pitch Jamie Spangenberg to second
|
|
Batting: RHB Mark Williams
|
0-0: SINGLE (Line Drive, 78S, EV 95.6 MPH) Jamie Spangenberg to third Dinand Brouwer to second Runner from 3rd tries for Home, throw by LF and OUT! 7-2
|
| Top of the 1st over - 1 run, 2 hits, 0 errors, 2 left on base; Pensacola 1 - San Jose 0 |
| BOTTOM OF THE 1ST |
|
San Jose Giants batting - Pitching for Pensacola Blue Wahoos : LHP Jason St. Clair
|
|
Pitching: LHP Jason St. Clair
|
|
|
Batting: RHB Tony Mendez
|
0-0: Called Strike 0-1: Ball 1-1: Foul Ball, location: 2F 1-2: Strikes out swinging
|
|
Batting: RHB Laroya Foronda
|
0-0: Called Strike 0-1: Ball 1-1: Ball 2-1: Ball 3-1: Foul Ball, location: 2F 3-2: Base on Balls
|
|
Batting: RHB Chris Bittner
|
0-0: Called Strike 0-1: Foul Ball, location: 2F 0-2: Strikes out swinging
|
|
Batting: RHB Adam Noyes
|
0-0: Ball Laroya Foronda steals 2nd base 1-0: Fly out, F8 (Flyball, 78D, EV 96.2 MPH)
|
| Bottom of the 1st over - 0 runs, 0 hits, 0 errors, 1 left on base; Pensacola 1 - San Jose 0 |
| TOP OF THE 2ND |
|
Pensacola Blue Wahoos batting - Pitching for San Jose Giants : LHP Drew Roemer
|
|
Batting: LHB John Wagner
|
0-0: Called Strike 0-1: Foul Ball, location: 2F 0-2: Foul Ball, location: 2F 0-2: Ball 1-2: Ball 2-2: Fly out, F9 (Flyball, 89S, EV 98.1 MPH)
|
|
Batting: RHB Armando Moz
|
0-0: Swinging Strike 0-1: Ball 1-1: Ball 2-1: Swinging Strike 2-2: Ball 3-2: Foul Ball, location: 2F 3-2: Base on Balls
|
|
Batting: RHB Ryan Short
|
0-0: Swinging Strike 0-1: Fly out, F7 (Flyball, 7LSF, EV 89.4 MPH)
|
|
Batting: RHB Solange Le Coq
|
0-0: Called Strike 0-1: Ball 1-1: Fielders Choice at 2nd, 6-4 (Groundball, 6D, EV 90.0 MPH)
|
| Top of the 2nd over - 0 runs, 0 hits, 0 errors, 1 left on base; Pensacola 1 - San Jose 0 |
| BOTTOM OF THE 2ND |
|
San Jose Giants batting - Pitching for Pensacola Blue Wahoos : LHP Jason St. Clair
|
|
Batting: SHB David Beauchamp
|
0-0: Ball 1-0: Called Strike 1-1: Ground out 1-3 (Groundball, 34S, EV 66.9 MPH)
|
|
Batting: LHB Mike Roberts
|
0-0: Called Strike 0-1: Called Strike 0-2: Ball 1-2: Ball 2-2: Strikes out swinging
|
|
Batting: RHB Leon Alders
|
0-0: Ball 1-0: Ball 2-0: Ball 3-0: Base on Balls
|
|
Batting: SHB Jerry Massey
|
0-0: Ground out 4-3 (Groundball, 4, EV 81.9 MPH)
|
| Bottom of the 2nd over - 0 runs, 0 hits, 0 errors, 1 left on base; Pensacola 1 - San Jose 0 |
| TOP OF THE 3RD |
|
Pensacola Blue Wahoos batting - Pitching for San Jose Giants : LHP Drew Roemer
|
|
Batting: RHB Jose Nunez
|
0-0: Called Strike 0-1: Ball 1-1: Foul Ball, location: 2F 1-2: Fly out, F7 (Line Drive, 7S, EV 90.6 MPH)
|
|
Batting: LHB Jamie Spangenberg
|
0-0: Ball 1-0: Called Strike 1-1: Called Strike 1-2: Strikes out looking
|
|
Batting: RHB Randy Grewe
|
0-0: Ball 1-0: SINGLE (Groundball, 4D, EV 100.0 MPH)
|
|
Batting: RHB Dinand Brouwer
|
0-0: Called Strike Randy Grewe is caught stealing 2nd base 2-4
|
| Top of the 3rd over - 0 runs, 1 hit, 0 errors, 0 left on base; Pensacola 1 - San Jose 0 |
| BOTTOM OF THE 3RD |
|
San Jose Giants batting - Pitching for Pensacola Blue Wahoos : LHP Jason St. Clair
|
|
Batting: LHB Yeong-hun Joe
|
0-0: Ball 1-0: Called Strike 1-1: Ball 2-1: Called Strike 2-2: Strikes out swinging
|
|
Batting: RHB Tony Mendez
|
0-0: Ball 1-0: Ground out 6-3 (Groundball, 6, EV 81.2 MPH)
|
|
Batting: RHB Laroya Foronda
|
0-0: Called Strike 0-1: Called Strike 0-2: Strikes out swinging
|
| Bottom of the 3rd over - 0 runs, 0 hits, 0 errors, 0 left on base; Pensacola 1 - San Jose 0 |
| TOP OF THE 4TH |
|
Pensacola Blue Wahoos batting - Pitching for San Jose Giants : LHP Drew Roemer
|
|
Batting: RHB Dinand Brouwer
|
0-0: Ball 1-0: SINGLE (Line Drive, 6D, EV 98.8 MPH)
|
|
Batting: RHB Mark Williams
|
0-0: Fielders Choice at 2nd, 6-4 (Groundball, 6, EV 84.4 MPH)
|
|
Batting: LHB John Wagner
|
0-0: Foul Ball, location: 2F 0-1: Ball 1-1: DOUBLE (Line Drive, 89D, EV 108.8 MPH) Mark Williams to third Runner from 3rd tries for Home, SAFE, throw by RF to home
|
|
Batting: RHB Armando Moz
|
0-0: Ball 1-0: Ground out 5-3 (Groundball, 56, EV 81.2 MPH)
|
|
Batting: RHB Ryan Short
|
0-0: SINGLE (Groundball, 56D, EV 98.8 MPH) John Wagner to third Throwing error, E7 John Wagner scores Ryan Short to second
|
|
Batting: RHB Solange Le Coq
|
0-0: Called Strike 0-1: Ball 1-1: Ball 2-1: Ground out 6-3 (Groundball, 56, EV 108.8 MPH)
|
| Top of the 4th over - 2 runs, 3 hits, 1 error, 1 left on base; Pensacola 3 - San Jose 0 |
| BOTTOM OF THE 4TH |
|
San Jose Giants batting - Pitching for Pensacola Blue Wahoos : LHP Jason St. Clair
|
|
Batting: RHB Chris Bittner
|
0-0: Ball 1-0: SINGLE (Groundball, 56, EV 103.1 MPH)
|
|
Batting: RHB Adam Noyes
|
0-0: Ball 1-0: Called Strike 1-1: Ball 2-1: Ball 3-1: Foul Ball, location: 2F 3-2: Reached on error, E5 (Groundball, 5S, EV 85.6 MPH) Chris Bittner to second
|
|
Batting: SHB David Beauchamp
|
0-0: Called Strike 0-1: Swinging Strike 0-2: Ball 1-2: Foul Ball, location: 2F 1-2: Ball 2-2: Strikes out looking
|
|
Batting: LHB Mike Roberts
|
0-0: Ball 1-0: Ball 2-0: Called Strike 2-1: DOUBLE (Line Drive, 89XD, EV 105.0 MPH) Chris Bittner scores Adam Noyes to third Runner from 3rd tries for Home, SAFE, no throw by CF
|
|
Batting: RHB Leon Alders
|
0-0: Ball 1-0: Foul Ball, location: 2F 1-1: Foul Ball, location: 2F 1-2: Foul Ball, location: 2F 1-2: Ball 2-2: Ground out 3-1 (Groundball, 34, EV 81.2 MPH) Mike Roberts to third
|
|
Batting: SHB Jerry Massey
|
0-0: Ground out 4-3 (Groundball, 4, EV 78.8 MPH)
|
| Bottom of the 4th over - 2 runs, 2 hits, 1 error, 1 left on base; Pensacola 3 - San Jose 2 |
| TOP OF THE 5TH |
|
Pensacola Blue Wahoos batting - Pitching for San Jose Giants : LHP Drew Roemer
|
|
Batting: RHB Jose Nunez
|
0-0: Ball 1-0: Called Strike 1-1: Ground out 6-3 (Groundball, 6, EV 103.8 MPH)
|
|
Batting: LHB Jamie Spangenberg
|
0-0: Called Strike 0-1: Ball 1-1: Swinging Strike 1-2: SINGLE (Flyball, 9LS, EV 87.5 MPH)
|
|
Batting: RHB Randy Grewe
|
0-0: Swinging Strike 0-1: Ball 1-1: Fielders Choice at 2nd, 5-4 (Groundball, 56, EV 83.1 MPH)
|
|
Batting: RHB Dinand Brouwer
|
0-0: Ball 1-0: Ball 2-0: Ball 3-0: Base on Balls Randy Grewe to second
|
|
Batting: RHB Mark Williams
|
0-0: Ball 1-0: Ball 2-0: Ball 3-0: Called Strike 3-1: SINGLE (Groundball, 4MD, EV 104.4 MPH) Randy Grewe to third Dinand Brouwer to second
|
|
Batting: LHB John Wagner
|
0-0: Ball 1-0: Ball 2-0: Ball 3-0: Base on Balls Randy Grewe scores Dinand Brouwer to third Mark Williams to second
|
|
Batting: RHB Armando Moz
|
0-0: Foul Ball, location: 2F 0-1: Ball 1-1: Called Strike 1-2: Strikes out looking
|
| Top of the 5th over - 1 run, 2 hits, 0 errors, 3 left on base; Pensacola 4 - San Jose 2 |
| BOTTOM OF THE 5TH |
|
San Jose Giants batting - Pitching for Pensacola Blue Wahoos : LHP Jason St. Clair
|
|
Batting: LHB Yeong-hun Joe
|
0-0: Foul Ball, location: 2F 0-1: SINGLE (Groundball, 4MD, EV 109.4 MPH)
|
|
Batting: RHB Tony Mendez
|
0-0: Ball 1-0: Fielders Choice at 2nd, 6-4 (Groundball, 6, EV 87.5 MPH)
|
|
Batting: RHB Laroya Foronda
|
0-0: Called Strike 0-1: Ball 1-1: Ball 2-1: Fly out, F8 (Line Drive, 8RD, EV 90.6 MPH)
|
|
Batting: RHB Chris Bittner
|
0-0: Called Strike 0-1: Ball 1-1: Fielders Choice at 2nd, U4 (Groundball, 4M, EV 91.2 MPH)
|
| Bottom of the 5th over - 0 runs, 1 hit, 0 errors, 1 left on base; Pensacola 4 - San Jose 2 |
| TOP OF THE 6TH |
|
Pensacola Blue Wahoos batting - Pitching for San Jose Giants : LHP Drew Roemer
|
|
Batting: RHB Ryan Short
|
0-0: SINGLE (Groundball, 34D, EV 96.2 MPH)
|
|
Batting: RHB Solange Le Coq
|
0-0: Ball Wild Pitch! Ryan Short to second 1-0: Called Strike 1-1: Ball 2-1: SINGLE (Groundball, 6M, EV 100.0 MPH) (infield hit) Ryan Short to third
|
|
Pitching: RHP Kevin Spencer
|
|
|
Batting: RHB Jose Nunez
|
0-0: Called Strike Solange Le Coq steals 2nd base (no throw) 0-1: Ball 1-1: Swinging Strike 1-2: Ball 2-2: Foul Ball, location: 2F 2-2: Foul Ball, location: 2F 2-2: Ball 3-2: Base on Balls
|
|
Batting: LHB Jamie Spangenberg
|
0-0: Ball 1-0: Foul Ball, location: 2F 1-1: Foul Ball, location: 2F 1-2: Foul Ball, location: 2F 1-2: Foul Ball, location: 2F 1-2: Ball 2-2: Foul Ball, location: 2F 2-2: Ball 3-2: Foul Ball, location: 2F 3-2: Fly out, F7 (Line Drive, 7LS, EV 91.9 MPH)
|
|
Batting: RHB Randy Grewe
|
0-0: Called Strike 0-1: Ball 1-1: Fly out, F8 (Flyball, 8LD, EV 100.6 MPH) Runner from 3rd tags up, SCORES, no throw by CF
|
|
Batting: RHB Dinand Brouwer
|
0-0: Ball 1-0: Ground out 5-3 (Groundball, 56S, EV 65.6 MPH)
|
| Top of the 6th over - 1 run, 2 hits, 0 errors, 2 left on base; Pensacola 5 - San Jose 2 |
| BOTTOM OF THE 6TH |
|
San Jose Giants batting - Pitching for Pensacola Blue Wahoos : LHP Jason St. Clair
|
|
Batting: RHB Adam Noyes
|
0-0: Ground out 6-3 (Groundball, 6, EV 93.8 MPH)
|
|
Batting: SHB David Beauchamp
|
0-0: Ball 1-0: Fly out, F8 (Flyball, 89XD, EV 106.9 MPH)
|
|
Batting: LHB Mike Roberts
|
0-0: Foul Ball, location: 2F 0-1: Foul Ball, location: 2F 0-2: Ball 1-2: Fly out, F8 (Flyball, 8LD, EV 108.1 MPH)
|
| Bottom of the 6th over - 0 runs, 0 hits, 0 errors, 0 left on base; Pensacola 5 - San Jose 2 |
| TOP OF THE 7TH |
|
Pensacola Blue Wahoos batting - Pitching for San Jose Giants : RHP Kevin Spencer
|
|
Pitching: RHP Israel Alvarado
|
|
|
Batting: RHB Mark Williams
|
0-0: TRIPLE (Line Drive, 9D, EV 103.1 MPH)
|
|
Batting: LHB John Wagner
|
0-0: Called Strike 0-1: Ball 1-1: Ball 2-1: Foul Ball, location: 2F 2-2: Ball 3-2: Foul Ball, location: 2F 3-2: Base on Balls
|
|
Pitching: RHP Kyle Rindels
|
|
|
Batting: RHB Armando Moz
|
0-0: Ball John Wagner is caught stealing 2nd base 2-4 1-0: Ball 2-0: Foul Ball, location: 2F 2-1: Swinging Strike 2-2: Ball 3-2: Strikes out swinging
|
|
Batting: RHB Ryan Short
|
0-0: Ground out 6-3 (Groundball, 6MS, EV 82.5 MPH)
|
| Top of the 7th over - 0 runs, 1 hit, 0 errors, 1 left on base; Pensacola 5 - San Jose 2 |
| BOTTOM OF THE 7TH |
|
San Jose Giants batting - Pitching for Pensacola Blue Wahoos : LHP Jason St. Clair
|
|
Batting: RHB Leon Alders
|
0-0: Foul Ball, location: 2F 0-1: Ball 1-1: Fly out, F8 (Flyball, 8RS, EV 78.1 MPH)
|
|
Pinch Hitting: RHB John Paredes
|
0-0: Ball 1-0: Ball 2-0: Ball 3-0: Called Strike 3-1: Foul Ball, location: 2F 3-2: Foul Ball, location: 2F 3-2: Foul Ball, location: 2F 3-2: DOUBLE (Groundball, 5L, EV 101.9 MPH)
|
|
Pinch Hitting: RHB Guillermo Mojica
|
0-0: Ball 1-0: Called Strike 1-1: Swinging Strike 1-2: Foul Ball, location: 2F 1-2: Strikes out swinging
|
|
Batting: RHB Tony Mendez
|
0-0: Ball 1-0: Foul Ball, location: 2F 1-1: Ball 2-1: Foul Ball, location: 2F 2-2: Ball Wild Pitch! John Paredes to third 3-2: Foul Ball, location: 2F 3-2: Base on Balls
|
|
Pitching: LHP Yorihiko Honda
|
|
|
Batting: RHB Laroya Foronda
|
0-0: Ball 1-0: Foul Ball, location: 2F 1-1: SINGLE (Line Drive, 8LS, EV 105.6 MPH) John Paredes scores Tony Mendez to second
|
|
Batting: RHB Chris Bittner
|
0-0: Ball 1-0: Foul Ball, location: 2F 1-1: Foul Ball, location: 2F 1-2: Ball 2-2: Foul Ball, location: 2F 2-2: Foul Ball, location: 2F 2-2: Foul Ball, location: 2F 2-2: Strikes out looking
|
| Bottom of the 7th over - 1 run, 2 hits, 0 errors, 2 left on base; Pensacola 5 - San Jose 3 |
| TOP OF THE 8TH |
|
Pensacola Blue Wahoos batting - Pitching for San Jose Giants : RHP Kyle Rindels
|
|
Now at 3B: Guillermo Mojica
|
|
|
Now at SS: Alex Belton
|
|
|
Batting: RHB Solange Le Coq
|
0-0: Called Strike 0-1: Ball 1-1: Foul Ball, location: 2F 1-2: Fly out, F9 (Line Drive, 9, EV 93.1 MPH)
|
|
Batting: RHB Jose Nunez
|
0-0: Ball 1-0: Ball 2-0: Ball 3-0: Called Strike 3-1: Swinging Strike 3-2: Base on Balls
|
|
Pitching: RHP Isidro Aguirre
|
|
|
Batting: LHB Jamie Spangenberg
|
0-0: Called Strike 0-1: Ball 1-1: SINGLE (Groundball, P, EV 79.4 MPH) (infield hit) Jose Nunez to second
|
|
Batting: RHB Randy Grewe
|
0-0: Ball 1-0: Ball 2-0: Called Strike 2-1: Ball 3-1: Foul Ball, location: 2F 3-2: Foul Ball, location: 2F 3-2: Foul Ball, location: 2F 3-2: Strikes out looking
|
|
Batting: RHB Dinand Brouwer
|
0-0: Foul Ball, location: 2F 0-1: Ball 1-1: Ball 2-1: Fly out, F7 (Flyball, 7, EV 94.4 MPH)
|
| Top of the 8th over - 0 runs, 1 hit, 0 errors, 2 left on base; Pensacola 5 - San Jose 3 |
| BOTTOM OF THE 8TH |
|
San Jose Giants batting - Pitching for Pensacola Blue Wahoos : LHP Yorihiko Honda
|
|
Pitching: LHP Suk-jin Sok
|
|
|
Batting: RHB Adam Noyes
|
0-0: Called Strike 0-1: Ground out 4-3 (Groundball, 4, EV 86.9 MPH)
|
|
Batting: SHB David Beauchamp
|
0-0: Ball 1-0: Foul Ball, location: 2F 1-1: Called Strike 1-2: Ball 2-2: Ball 3-2: Foul Ball, location: 2F 3-2: Strikes out looking
|
|
Pinch Hitting: RHB Azedine Kirui
|
0-0: Called Strike 0-1: Fly out, F6 (Line Drive, 6, EV 64.4 MPH)
|
| Bottom of the 8th over - 0 runs, 0 hits, 0 errors, 0 left on base; Pensacola 5 - San Jose 3 |
| TOP OF THE 9TH |
|
Pensacola Blue Wahoos batting - Pitching for San Jose Giants : RHP Isidro Aguirre
|
|
Now in LF: Steve Nevis
|
|
|
Batting: RHB Mark Williams
|
0-0: Called Strike 0-1: Called Strike 0-2: Foul Ball, location: 2F 0-2: Ground out 5-3 (Groundball, 5S, EV 90.0 MPH)
|
|
Batting: LHB John Wagner
|
0-0: Swinging Strike 0-1: Foul Ball, location: 2F 0-2: Ball 1-2: Strikes out swinging
|
|
Batting: RHB Armando Moz
|
0-0: Called Strike 0-1: Called Strike 0-2: Ball 1-2: Ball 2-2: Ball 3-2: Foul Ball, location: 2F 3-2: Ground out U3 (Groundball, 3S, EV 70.6 MPH)
|
| Top of the 9th over - 0 runs, 0 hits, 0 errors, 0 left on base; Pensacola 5 - San Jose 3 |
| BOTTOM OF THE 9TH |
|
San Jose Giants batting - Pitching for Pensacola Blue Wahoos : LHP Suk-jin Sok
|
|
Pitching: RHP Damian Molina
|
|
|
Now at 2B: Brandon Sarni
|
|
|
Batting: RHB Leon Alders
|
0-0: Foul Ball, location: 2F 0-1: Ball 1-1: DOUBLE (Groundball, 5L, EV 109.4 MPH)
|
|
Pinch Hitting: SHB Mitchell Greene
|
0-0: SINGLE (Groundball, 4MD, EV 106.2 MPH) Leon Alders to third
|
|
Batting: RHB Guillermo Mojica
|
0-0: Called Strike 0-1: Ball 1-1: Ball 2-1: Called Strike 2-2: Ball 3-2: Foul Ball, location: 2F 3-2: Strikes out swinging
|
|
Batting: RHB Tony Mendez
|
0-0: Called Strike 0-1: Called Strike 0-2: Strikes out swinging
|
|
Batting: RHB Laroya Foronda
|
0-0: Called Strike 0-1: Foul Ball, location: 2F 0-2: Strikes out swinging
|
| Bottom of the 9th over - 0 runs, 2 hits, 0 errors, 2 left on base; Pensacola 5 - San Jose 3 |
|